 Dungeon Crawl Stone Soup version 0.28-a0-630-g0357d9c091 (webtiles) character file.

Game seed: 3515267784227639343

803 Ijustatesigmund the Fighter (level 7, -3/64 HPs)
             Began as a Gnoll Wanderer on Oct 9, 2021.
             Slain by a gnoll shaman (7 damage)
             ... on level 4 of the Dungeon.
             The game lasted 00:10:10 (5460 turns).

Ijustatesigmund the Fighter (Gnoll Wanderer)        Turns: 5460, Time: 00:10:11

Health: -3/64      AC:  6    Str: 11    XL:     7   Next: 91%
Magic:  11/11      EV:  8    Int: 14    God:
Gold:   118        SH:  0    Dex: 11    Spells: 9/11 levels left

rFire   . . .      SeeInvis .   a - +2 mace
rCold   . . .      Faith    .   g - +0 kite shield
rNeg    . . .      Spirit   .   e - +0 ring mail
rPois   .          Reflect  .   f - +0 helmet
rElec   .          Harm     .   (no cloak)
rCorr   .          Rampage  .   (no gloves)
Will    .....                   (no boots)
Stlth   ..........              (no amulet)
HPRegen 0.20/turn               (no ring)
MPRegen 0.12/turn               (no ring)

@: confused, lit by a corona, ambrosia-drunk, glowing
A: fangs 1, strong nose, distributed training
a: no special abilities


You were on level 4 of the Dungeon.
You visited 1 branch of the dungeon, and saw 5 of its levels.

You collected 221 gold pieces.
You spent 103 gold pieces at shops.

Inventory:

Hand Weapons
 a - a +2 mace (weapon)
Missiles
 c - 10 poisoned darts (quivered)
Armour
 e - a +0 ring mail (worn)
 f - a +0 helmet (worn)
 g - a +0 kite shield (worn)
 n - a +1 hat
Jewellery
 b - a ring of fire
Wands
 l - a wand of polymorph (5)
Scrolls
 d - 2 scrolls of identify {unknown}
 k - a scroll of fear
Potions
 h - a potion of ambrosia
 i - a potion of flight {unknown}
 j - a potion of heal wounds {unknown}
 m - a potion of degeneration {unknown}
 p - a potion of haste {unknown}


   Skills:
 + Level 9.0 Fighting
 + Level 2.8 Short Blades
 + Level 3.8 Long Blades
 + Level 2.8 Axes
 + Level 7.1 Maces & Flails
 + Level 2.8 Polearms
 + Level 2.8 Staves
 + Level 2.8 Slings
 + Level 2.8 Bows
 + Level 2.8 Crossbows
 + Level 3.8 Throwing
 + Level 2.8 Armour
 + Level 2.8 Dodging
 + Level 3.7 Stealth
 + Level 2.8 Shields
 + Level 2.8 Unarmed Combat
 + Level 2.8 Spellcasting
 + Level 2.2 Conjurations
 + Level 2.2 Hexes
 + Level 2.2 Summonings
 + Level 2.2 Necromancy
 + Level 2.2 Translocations
 + Level 2.2 Transmutations
 + Level 2.2 Fire Magic
 + Level 2.2 Ice Magic
 + Level 2.2 Air Magic
 + Level 2.2 Earth Magic
 + Level 2.2 Poison Magic
 + Level 3.1 Invocations
 + Level 2.8 Evocations


You had 9 spell levels left.
You knew the following spells:

 Your Spells              Type           Power      Damage    Failure   Level
a - Passwall              Tmut/Erth      6%         N/A       83%         2

Your spell library contained the following spells:

 Spells                   Type           Power      Damage    Failure   Level
 Sandblast                Erth           16%        2d6       69%         1
 Summon Small Mammal      Summ           32%        N/A       69%         1
 Blink                    Tloc           N/A        N/A       83%         2
 Call Canine Familiar     Summ           8%         N/A       96%         3
 Dazzling Flash           Conj/Hex       16%        N/A       96%         3
 Stone Arrow              Conj/Erth      16%        3d8       96%         3
 Summon Guardian Golem    Hex/Summ       8%         N/A       96%         3
 Iskenderun's Mystic Bla  Conj/Tloc      8%         2d4       100%        4
 Manifold Assault         Tloc           8%         N/A       100%        5
 Starburst                Conj/Fire      4%         6d3       100%        6
 Storm Form               Tmut/Air       4%         N/A       100%        7


Dungeon Overview and Level Annotations

Branches:
Dungeon (5/15)
 Temple: D:4-7

Altars:
Gozag
Makhleb
Sif Muna
Trog
Uskayaw
The Shining One

Shops:
D:1 [


Innate Abilities, Weirdness & Mutations

You have very sharp teeth.
Your uncanny sense of smell can sniff out nearby items.
Your experience applies equally to all skills.


Message History

You sock the gnoll shaman!
The gnoll shaman is heavily wounded.
You block the gnoll shaman's attack. You block the gnoll's attack.
You closely miss the gnoll shaman.
The gnoll shaman is heavily wounded.
The gnoll shaman hits you with a +0 club.
You block the gnoll's attack.
The gnoll shaman hits you with a +0 club.
The gnoll hits you from afar with a +0 spear.
You are too injured to fight recklessly!
You are too injured to fight recklessly!
You are too injured to fight recklessly!
You are too injured to fight recklessly!
The gnoll shaman hits you with a +0 club!
The gnoll hits you from afar with a +0 spear.
* * * LOW HITPOINT WARNING * * *
You climb upwards.
There is a stone staircase leading down here.
You hit the gnoll shaman but do no damage.
The gnoll shaman is heavily wounded.
You block the gnoll shaman's attack.
You hit the gnoll shaman.
The gnoll shaman is severely wounded.
The gnoll shaman hits you with a +0 club.
* * * LOW HITPOINT WARNING * * *
You closely miss the gnoll shaman.
The gnoll shaman is severely wounded.
The gnoll shaman hits you with a +0 club!
* * * LOW HITPOINT WARNING * * *
The gnoll shaman hits you with a +0 club.
* * * LOW HITPOINT WARNING * * *
You hit the gnoll shaman but do no damage.
Your bite misses the gnoll shaman.
The gnoll shaman is severely wounded.
The gnoll shaman hits you with a +0 club.
* * * LOW HITPOINT WARNING * * *
You are confused.
You feel invigorated.
The gnoll shaman hits you with a +0 club!
You die...

#.##.##........#####.# #.# #
#.##.#####<....# #.# #.# # #.##.#
#.....# ##.###.# # #.##.# ###..##
#...##.# # #.##.# #..# ###.#.##.#
# ###.##.#######..###...#....#
### #...................#####..#
#.. #......#######.####...#...##
#.# ......##
#.#[@g....#.#######.#
#.....########.######...###...#.#
#..................###..##.######
##...#########.###.# #.....##.#.#
###.....[.......#.###.....#...#.
############..#........[#)####
#.......)).###...#.
#.########..##.#(## #.#
#.#.#.####


You could see a gnoll shaman.

Vanquished Creatures
  2 ogres (D:4)
  A gnoll sergeant (D:4)
  2 scorpions
  A wight (D:4)
  A howler monkey (D:4)
  A centaur zombie (D:5)
  2 hounds (D:4)
  A gnoll shaman (D:4)
  An orc priest (D:4)
  3 gnolls (D:2)
  11 adders
  4 worms
  7 orcs
  7 ball pythons
  7 bats
  7 endoplasms
  4 hobgoblins
  2 jackals (D:1)
  4 kobolds
  8 quokkas
  4 frilled lizards
  6 goblins
  17 rats
103 creatures vanquished.

Vanquished Creatures (others)
  A hound (D:5)
  An orc wizard (D:5)
  An adder (D:5)
  4 fungi (D:2)
  3 plants (D:2)
10 creatures vanquished.

Grand Total: 113 creatures vanquished

Notes
Turn   | Place    | Note
-------+----------+-------------------------------------------
     0 | D:1      | Ijustatesigmund the Gnoll Wanderer began the quest for the
                  | Orb.
     0 | D:1      | Ijustatesigmund set off with the following items: a +2
                  | mace, a +0 falchion, 15 poisoned darts, a +0 dagger, a +0
                  | robe
     0 | D:1      | Reached XP level 1. HP: 26/26 MP: 1/1
    16 | D:1      | Found a shimmering blue altar of Sif Muna.
    48 | D:1      | Reached XP level 2. HP: 11/33 MP: 2/2
   574 | D:1      | Reached XP level 3. HP: 36/38 MP: 3/3
   581 | D:1      | Found Liahuon's Antique Armour Shoppe.
  1093 | D:2      | Reached skill level 1 in Invocations
  1287 | D:2      | Reached skill level 1 in Short Blades
  1287 | D:2      | Reached skill level 1 in Axes
  1287 | D:2      | Reached skill level 1 in Polearms
  1287 | D:2      | Reached skill level 1 in Staves
  1287 | D:2      | Reached skill level 1 in Slings
  1287 | D:2      | Reached skill level 1 in Bows
  1287 | D:2      | Reached skill level 1 in Crossbows
  1287 | D:2      | Reached skill level 1 in Armour
  1287 | D:2      | Reached skill level 1 in Dodging
  1287 | D:2      | Reached skill level 1 in Shields
  1287 | D:2      | Reached skill level 1 in Unarmed Combat
  1287 | D:2      | Reached skill level 1 in Spellcasting
  1287 | D:2      | Reached skill level 1 in Evocations
  1340 | D:2      | Reached XP level 4. HP: 45/45 MP: 5/5
  1525 | D:2      | Reached skill level 1 in Conjurations
  1525 | D:2      | Reached skill level 1 in Hexes
  1525 | D:2      | Reached skill level 1 in Summonings
  1525 | D:2      | Reached skill level 1 in Necromancy
  1525 | D:2      | Reached skill level 1 in Translocations
  1525 | D:2      | Reached skill level 1 in Transmutations
  1525 | D:2      | Reached skill level 1 in Fire Magic
  1525 | D:2      | Reached skill level 1 in Ice Magic
  1525 | D:2      | Reached skill level 1 in Air Magic
  1525 | D:2      | Reached skill level 1 in Earth Magic
  1525 | D:2      | Reached skill level 1 in Poison Magic
  1965 | D:2      | Found a faded altar of an unknown god.
  2312 | D:3      | Reached XP level 5. HP: 51/51 MP: 6/6
  2329 | D:3      | Learned a level 2 spell: Passwall
  2392 | D:3      | Found a hide-covered altar of Uskayaw.
  2392 | D:3      | Found an opulent altar of Gozag.
  2419 | D:3      | Found a faded altar of an unknown god.
  2421 | D:3      | Found a faded altar of an unknown god.
  2423 | D:3      | Found a glowing golden altar of the Shining One.
  2614 | D:1      | Bought a kite shield for 103 gold pieces
  2917 | D:3      | Found a burning altar of Makhleb.
  2998 | D:3      | Noticed a moth of wrath
  3001 | D:3      | Found a bloodstained altar of Trog.
  3471 | D:4      | Noticed an ogre
  3478 | D:4      | Killed an ogre
  3479 | D:4      | Reached XP level 6. HP: 49/57 MP: 8/8
  3855 | D:3      | Reached XP level 7. HP: 9/63 MP: 10/10
  3858 | D:3      | HP: 4/94 [poisoned by a scorpion]
  4978 | D:4      | Reached skill level 9 in Fighting
  5181 | D:5      | Entered Level 5 of the Dungeon
  5459 | D:4      | HP: 1/64 [gnoll shaman (3)]
  5460 | D:4      | Slain by a gnoll shaman

Illustrated notes

Levels and vault maps discovered:
D:1:      wheals_arrival_shading, layout_basic, serial_shops, shop,
          minmay_misc_feat_diagonals, minmay_hexomino_r4
D:2:      layout_basic, shapermc_ecumenical_altar_ellora
D:3:      layout_basic, mainiacjoe_overflow_alcove_2, tgw_trog,
          chequers_temple_overflow_minitemple, guppyfry_early_lair_pool
D:4:      layout_loops_ring, minmay_small_thing
D:5:      layout_loops_ring, mainiacjoe_overflow_tiny_flanked,
          xom_confusion_cloud, mainiacjoe_overflow_paths, ldierk_geyser

Skill      XL: |  1  2  3  4  5  6  7 |
---------------+----------------------+-----
Invocations    | 1 2 3 |  3.1
Short Blades   | 1 2 |  2.8
Axes           | 1 2 |  2.8
Polearms       | 1 2 |  2.8
Staves         | 1 2 |  2.8
Slings         | 1 2 |  2.8
Bows           | 1 2 |  2.8
Crossbows      | 1 2 |  2.8
Armour         | 1 2 |  2.8
Dodging        | 1 2 |  2.8
Shields        | 1 2 |  2.8
Unarmed Combat | 1 2 |  2.8
Spellcasting   | 1 2 |  2.8
Evocations     | 1 2 |  2.8
Conjurations   | 1 2 |  2.2
Hexes          | 1 2 |  2.2
Summonings     | 1 2 |  2.2
Necromancy     | 1 2 |  2.2
Translocations | 1 2 |  2.2
Transmutations | 1 2 |  2.2
Fire Magic     | 1 2 |  2.2
Ice Magic      | 1 2 |  2.2
Air Magic      | 1 2 |  2.2
Earth Magic    | 1 2 |  2.2
Poison Magic   | 1 2 |  2.2
Long Blades    | 3 |  3.8
Throwing       | 3 |  3.8
Stealth        | 3 |  3.7
Maces & Flails | 7 |  7.1
Fighting       | 9 |  9.0

Action                   |  1- 3 |  4- 6 |  7- 9 || total
-------------------------+-------+-------+-------++-------
Melee: Mace              |    89 |   170 |   118 ||   377
       Bite              |     4 |    13 |     9 ||    26
       Punch             |       |     1 |       ||     1
Throw: Dart              |     5 |    28 |     8 ||    41
  Use: Scroll            |       |     7 |       ||     7
       Potion            |       |     2 |     3 ||     5
 Stab: Sleeping          |     1 |     5 |     2 ||     8
       Distracted        |     1 |       |       ||     1
Armor: Robe              |    36 |       |       ||    36
       Ring mail         |     3 |    47 |    28 ||    78
Dodge: Dodged            |    75 |    50 |    35 ||   160
Block: Kite shield       |       |    37 |    53 ||    90

Table legend: (Time is in decaauts)
 A = Elapsed time spent in this place.
 B = Non-inter-level travel time spent in this place.
 C = Inter-level travel time spent in this place.
 D = Time resting spent in this place.
 E = Time spent auto-exploring this place.
 F = Levels seen in this place.
 G = Mean time per level.
                   A        B        C        D        E       F      G
               +--------+--------+--------+--------+--------+-----+--------+
         Total |   5564 |   5369 |    195 |   1469 |   2842 |   5 | 1112.8 |
       Dungeon |   5564 |   5369 |    195 |   1469 |   2842 |   5 | 1112.8 |
               +--------+--------+--------+--------+--------+-----+--------+

Top non-repeatable levels by time:
     D:4: 1880 daAuts
     D:2: 1323 daAuts
     D:3: 1244 daAuts
     D:1: 1045 daAuts
     D:5: 70 daAuts
